Map: Светотень РВ

Players

Kas - Winner!

  • Race: Terran Terran
  • League: Grandmaster
  • Spawn Location: 5:00

Krystianer

  • Race: Protoss Protoss
  • League: Grandmaster
  • Spawn Location: 11:00

VOD

Have the link to the VOD?

Description

Time

  • Played on: Oct. 13, 2020, 1:32 p.m.
  • Length: 20:28
Show
View Real Time Build Order
Export as new Build Order

Kas Terran - Winner!

Build Orders: Reaper Expand 

Get SALT Encoding   

  12  0:00  SCV  
  13  0:12  SCV  
  14  0:17  Supply Depot  
  14  0:25  SCV  
  15  0:39  SCV  
  15  0:40  Barracks  
  16  0:45  Refinery  
  16  0:51  SCV  
  17  1:03  SCV  
  18  1:15  SCV  
  19  1:28  Orbital Command  
  19  1:29  Reaper  
  20  1:42  Command Center  
  20  1:51  Supply Depot  
  20  1:54  SCV  
  20  2:01  Marine  
  22  2:07  SCV  
  23  2:09  Factory  
  23  2:14  Refinery  
  23  2:18  Bunker  
  23  2:20  SCV  
  24  2:23  Barracks Reactor  
  24  2:34  SCV  
  24  2:46  SCV  
  25  2:53  Orbital Command  
  25  2:55  Widow Mine  
  25  2:56  Starport  
  28  2:58  SCV  
  28  3:00  Marine x2  
  30  3:10  SCV  
  31  3:17  Factory Tech Lab  
  31  3:18  Marine x2  
  33  3:20  SCV  
  33  3:22  SCV  
  35  3:33  SCV  
  36  3:35  Viking, Marine  
  36  3:36  Marine  
  36  3:37  SCV  
  41  3:47  SCV  
  42  3:49  SCV  
  42  3:50  Cyclone  
  42  3:53  Supply Depot  
  46  4:04  SCV x2, Marine x2  
  50  4:16  SCV  
  51  4:18  Command Center  
  51  4:20  SCV  
  51  4:21  Supply Depot  
  51  4:22  Marine x2  
  54  4:28  SCV  
  54  4:30  Cyclone  
  58  4:32  SCV  
  58  4:37  Supply Depot  
  59  4:39  Marine  
  59  4:40  SCV  
  59  4:44  SCV  
  62  4:45  Barracks  
  62  4:52  Barracks  
  62  4:53  SCV, Marine  
  62  4:54  Starport Tech Lab  
  62  4:56  SCV  
  65  5:07  SCV, Marine  
  65  5:11  SCV  
  65  5:12  Engineering Bay x2  
  65  5:13  Refinery  
  68  5:18  Refinery  
  68  5:19  SCV  
  69  5:23  SCV, Supply Depot  
  69  5:25  Factory Reactor, Marine  
  69  5:26  Starport Reactor  
  71  5:31  SCV, Orbital Command  
  71  5:36  SCV  
  71  5:39  Terran Infantry Weapons Level 1, Terran Infantry Armor Level 1  
  72  5:42  Missile Turret  
  72  5:44  SCV  
  72  5:45  Marine x2  
  75  5:52  SCV, Combat Shield, Stimpack, Marine  
  75  5:55  Marauder  
  79  5:57  Orbital Command  
  79  5:59  SCV  
  79  6:02  Widow Mine  
  79  6:03  Widow Mine  
  84  6:04  SCV  
  84  6:10  Missile Turret  
  84  6:11  Marine x2  
  84  6:12  SCV  
  84  6:13  Missile Turret  
  84  6:18  Marauder  
  89  6:21  SCV  
  89  6:23  SCV  
  89  6:24  SCV  
  92  6:26  Marauder  
  92  6:27  Medivac x2  
  92  6:29  Marine x2  
  99  6:35  SCV  
  99  6:39  SCV  
  101  6:41  Bunker  
  101  6:44  Supply Depot  
  101  6:45  Supply Depot  
  101  6:48  SCV, Marauder x2, Marine x2  
  107  6:55  Armory  
  107  6:56  SCV  
  108  7:02  SCV  
  108  7:05  Barracks  
  108  7:06  Medivac x2, Widow Mine x2  
  117  7:11  Marauder x2  
  117  7:12  Marine  
  117  7:13  Barracks  
  117  7:14  Marine  
  123  7:17  SCV  
  123  7:21  SCV  
  125  7:23  Supply Depot  
  125  7:25  Supply Depot  
  125  7:27  SCV  
  117  7:40  Marauder x2  
  92  7:57  Marine x3  
  95  7:58  Medivac  
  95  7:59  Medivac, Widow Mine x2  
  95  8:01  Marauder  
  95  8:02  Marauder  
  95  8:05  Terran Infantry Weapons Level 2  
  101  8:11  SCV x2  
  102  8:16  SCV, Barracks Tech Lab  
  102  8:17  Barracks Reactor  
  103  8:21  Terran Infantry Armor Level 2  
  103  8:23  SCV, Marauder x2  
  108  8:30  SCV x2  
  108  8:31  Sensor Tower  
  108  8:33  Missile Turret  
  110  8:35  SCV, Ghost Academy  
  111  8:42  SCV  
  111  8:43  SCV  
  111  8:44  Marauder  
  111  8:47  SCV, Marauder x2  
  120  8:49  Supply Depot, Marine x2  
  120  8:50  Supply Depot  
  120  8:51  Widow Mine  
  120  8:54  SCV, Widow Mine  
  127  8:59  SCV  
  128  9:03  Medivac x2  
  128  9:05  SCV  
  128  9:06  Refinery x2, Marauder  
  135  9:13  SCV  
  135  9:16  Marauder x2  
  138  9:20  Marine x2  
  140  9:24  Command Center  
  140  9:26  SCV  
  140  9:27  SCV  
  140  9:28  SCV  
  140  9:30  Ghost  
  143  9:31  Supply Depot  
  143  9:33  Marine  
  143  9:34  Marine  
  143  9:37  Ghost x2  
  143  9:38  Marine  
  148  9:41  Marine  
  148  9:42  Widow Mine x2  
  153  9:51  Marine  
  153  9:52  Supply Depot  
  154  9:53  Supply Depot x2  
  154  9:59  Ghost  
  156  10:04  Viking  
  156  10:05  Ghost  
  156  10:06  Viking, Ghost  
  162  10:19  Marine x2  
  162  10:20  Barracks  
  164  10:23  Barracks  
  164  10:24  Barracks  
  164  10:26  Terran Infantry Weapons Level 3  
  164  10:27  Marine x2  
  166  10:32  Marauder  
  166  10:34  Viking, Marine  
  166  10:35  Marauder  
  172  10:37  Marine  
  172  10:39  Viking  
  172  10:42  SCV x2  
  173  10:43  SCV  
  173  10:44  Bunker  
  174  10:54  SCV x2  
  174  10:55  SCV  
  174  10:56  Terran Infantry Armor Level 3  
  177  10:57  Marauder x2, Marine x2  
  183  11:04  Viking  
  183  11:05  Marauder, Marine  
  183  11:09  Barracks Tech Lab  
  188  11:12  Marine, Barracks Tech Lab  
  189  11:19  Marauder x2  
  192  11:31  Missile Turret  
  192  11:34  Planetary Fortress  
  192  11:38  Viking x2  
  196  11:41  Enhanced Shockwaves  
  196  11:45  Command Center  
  196  11:55  Ghost x2  
  185  12:29  Marauder x2  
  179  12:35  Marauder, Marine x2  
  179  12:36  Marauder x2, Marine x3  
  179  12:37  Medivac x2  
  190  12:39  Terran Ship Weapons Level 1  
  190  12:41  Fusion Core  
  190  12:42  Starport  
  190  12:43  SCV x3  
  195  12:45  SCV  
  195  12:50  Command Center  
  196  12:58  Marauder x2, Marine x2  
  199  13:01  Concussive Shells  
  189  13:33  Marauder x3  
  169  13:39  Planetary Fortress  
  169  13:40  Marauder x2  
  158  13:43  Command Center  
  158  13:44  Command Center  
  151  13:48  Marine x2  
  151  13:49  Advanced Ballistics  
  151  13:50  Starport Reactor  
  151  13:52  Marine x2  
  151  13:54  Ghost  
  151  13:55  Marauder x2, Marine  
  161  13:56  Marine  
  161  13:57  Liberator x2  
  161  13:58  Barracks  
  161  14:00  Barracks  
  161  14:01  Marauder x2, Refinery x2, Barracks  
  173  14:05  Orbital Command  
  173  14:06  Marine x2  
  174  14:16  Marauder x2, Neosteel Armor  
  170  14:17  Personal Cloaking  
  170  14:20  Marine  
  170  14:22  Marauder x2  
  170  14:23  Marauder  
  177  14:25  Marine  
  177  14:34  Missile Turret  
  177  14:36  SCV  
  177  14:37  Ghost, Liberator  
  183  14:40  Missile Turret  
  183  14:42  Missile Turret  
  183  14:45  SCV x2  
  185  14:46  Liberator  
  188  14:54  Marauder x2  
  190  15:08  Orbital Command x2  
  190  15:10  Marauder  
  190  15:11  Marauder  
  196  15:14  Marauder  
  196  15:15  Marauder  
  196  15:16  Marauder  
  181  15:21  Barracks Tech Lab x2  
  181  15:22  Liberator  
  181  15:32  Marauder x2  
  181  15:34  Marine x2  
  189  15:35  Marauder  
  189  15:36  Barracks Tech Lab  
  185  15:43  Nuke  
  185  15:49  Liberator  
  187  16:05  Liberator x3  
  187  16:07  Marauder x2  
  177  17:07  Ghost x2  
  181  17:13  Marauder  
  174  17:16  Command Center  
  174  17:17  Orbital Command  
  174  17:22  Marauder  
  170  17:24  Marauder  
  170  17:29  Marauder x2, Marine  
  164  17:30  Liberator x4  
  164  17:32  Marauder, Marine x3  
  164  17:34  Marauder  
  164  17:37  Marauder  
  183  17:43  Marine  
  183  17:44  Marauder x2, Marine  
  171  17:48  SCV x5  
  176  17:54  Marauder, Missile Turret, Marine x2  
  176  17:55  Marauder  
  176  17:57  Marine x2  
  184  18:02  Starport  
  184  18:03  Marine  
  185  18:08  Refinery  
  185  18:11  Refinery  
  185  18:13  Marauder x2, Marine x3, Liberator x2  
  185  18:14  Marauder  
  199  18:21  Marine  
  199  18:37  Marine  
  200  18:42  Marine  
  200  18:44  Marauder  
  200  18:46  Ghost  
  197  18:49  Ghost  
  199  18:56  Starport Reactor  
  199  18:59  Missile Turret  
  174  19:10  Marauder x2  
  174  19:11  Marauder x2, Liberator x4  
  182  19:25  Marauder  
  175  19:31  Marauder  
  175  19:32  Marauder  
  175  19:33  Marauder x2, Marine x2  
  175  19:34  Marauder  
  175  19:35  Marauder x2, Marine  
  175  19:36  Marine x3  
  175  19:38  SCV  
  196  19:42  Planetary Fortress  
  196  19:45  Refinery x2  
  196  19:46  SCV x2, Marauder  
  196  19:48  Command Center  
Show
View Real Time Build Order
Export as new Build Order

Krystianer Protoss 

Build Orders: 1 Gate Expand, Archon Immortal, Blink Stalkers 

Get SALT Encoding   

  12  0:00  Probe  
  13  0:12  Probe  
  14  0:17  Pylon  
  14  0:24  Probe (Chrono Boost)  
  16  0:36  Probe (Chrono Boost), Gateway  
  16  0:43  Probe (Chrono Boost)  
  16  0:45  Assimilator  
  17  0:50  Probe  
  18  1:02  Probe  
  19  1:15  Probe  
  20  1:22  Nexus  
  20  1:31  Cybernetics Core  
  20  1:34  Probe  
  21  1:41  Assimilator  
  21  1:46  Probe  
  22  1:48  Pylon  
  22  1:58  Probe  
  23  2:04  Adept (Chrono Boost)  
  25  2:11  Probe  
  26  2:16  Stargate  
  26  2:23  Probe (Chrono Boost)  
  26  2:27  Adept  
  29  2:35  Probe (Chrono Boost)  
  31  2:37  Twilight Council  
  31  2:39  Probe (Chrono Boost)  
  31  2:40  Warp Gate  
  31  2:43  Probe (Chrono Boost)  
  32  2:46  Probe (Chrono Boost)  
  32  2:50  Probe (Chrono Boost)  
  34  2:51  Probe (Chrono Boost)  
  35  3:01  Probe  
  35  3:03  Probe (Chrono Boost)  
  37  3:11  Gateway  
  37  3:13  Gateway  
  37  3:15  Probe (Chrono Boost)  
  37  3:19  Probe (Chrono Boost), Blink  
  39  3:24  Probe (Chrono Boost)  
  41  3:27  Probe (Chrono Boost), Pylon  
  41  3:30  Probe  
  42  3:38  Probe (Chrono Boost)  
  42  3:39  Robotics Facility  
  43  3:42  Assimilator  
  43  3:45  Probe (Chrono Boost)  
  44  3:50  Probe (Chrono Boost)  
  44  3:52  Assimilator  
  46  3:57  Probe (Chrono Boost)  
  46  3:58  Probe (Chrono Boost)  
  47  4:04  Probe  
  47  4:06  Probe  
  49  4:12  Pylon  
  49  4:15  Nexus  
  50  4:18  Probe (Chrono Boost)  
  50  4:21  Probe (Chrono Boost)  
  51  4:26  Observer  
  51  4:28  Probe (Chrono Boost)  
  51  4:31  Probe (Chrono Boost), Sentry, Stalker, Pylon  
  56  4:34  Probe  
  56  4:35  Stalker  
  59  4:40  Probe  
  60  4:46  Probe  
  60  4:49  Observer  
  63  4:52  Probe  
  63  4:55  Stalker x2  
  63  4:58  Probe (Chrono Boost), Stalker  
  70  5:08  Robotics Bay  
  70  5:13  Pylon  
  70  5:22  Gateway  
  70  5:26  Probe (Chrono Boost)  
  70  5:27  Probe (Chrono Boost)  
  73  5:28  Stalker  
  73  5:29  Stalker x2  
  73  5:32  Probe (Chrono Boost)  
  81  5:36  Probe x2 (Chrono Boost)  
  81  5:40  Probe (Chrono Boost)  
  81  5:41  Probe x2 (Chrono Boost)  
  82  5:45  Gateway x2  
  82  5:46  Gateway  
  82  5:48  Gateway  
  84  5:50  Templar Archives  
  84  5:52  Charge (Chrono Boost)  
  84  6:00  Sentry, Zealot x2  
  90  6:04  Pylon  
  90  6:11  Warp Prism (Chrono Boost), Nexus  
  90  6:16  Probe  
  93  6:20  Pylon  
  93  6:22  Probe x2  
  93  6:24  Pylon  
  95  6:34  High Templar x3  
  95  6:37  Immortal (Chrono Boost), Pylon  
  95  6:38  Probe, Pylon  
  95  6:39  High Templar  
  104  6:43  Pylon  
  104  6:45  Archon x2  
  108  6:47  Zealot x3  
  108  6:48  Probe  
  108  6:53  Zealot  
  117  6:55  Probe x2  
  118  7:07  Immortal (Chrono Boost)  
  120  7:13  High Templar x2  
  120  7:14  Zealot x6  
  136  7:16  Pylon  
  136  7:18  Archon  
  136  7:20  Forge  
  136  7:21  Probe  
  137  7:25  Probe  
  130  7:38  Zealot x6  
  122  7:48  Probe (Chrono Boost), Immortal (Chrono Boost)  
  113  7:54  Probe (Chrono Boost)  
  113  7:56  Probe (Chrono Boost)  
  109  7:59  Zealot, Assimilator  
  109  8:00  Zealot x7  
  109  8:03  Assimilator  
  109  8:05  Psionic Storm  
  117  8:06  Probe x2 (Chrono Boost)  
  117  8:11  Protoss Ground Armor Level 1 (Chrono Boost)  
  117  8:16  Probe (Chrono Boost)  
  117  8:18  Immortal (Chrono Boost)  
  124  8:20  Assimilator  
  124  8:21  Probe (Chrono Boost)  
  124  8:22  Probe (Chrono Boost), Assimilator, High Templar x2  
  128  8:30  Zealot  
  128  8:31  Probe (Chrono Boost), Zealot x4  
  139  8:37  Probe (Chrono Boost), High Templar  
  143  8:43  Pylon, Photon Cannon  
  143  8:45  Shield Battery  
  143  8:54  Stalker x3  
  143  8:55  Photon Cannon  
  147  9:01  Probe  
  147  9:02  Stalker x3  
  150  9:07  Photon Cannon  
  150  9:16  Immortal (Chrono Boost)  
  149  9:20  High Templar  
  149  9:23  Robotics Facility  
  153  9:25  Robotics Bay  
  153  9:28  Probe x2  
  151  9:31  Pylon  
  151  9:32  Pylon  
  151  9:42  Pylon  
  151  9:48  Forge, Nexus  
  151  9:49  Probe x2  
  151  9:51  Immortal (Chrono Boost)  
  153  9:52  Pylon  
  153  9:59  Stalker  
  159  10:07  Probe, Protoss Ground Weapons Level 1 (Chrono Boost)  
  159  10:10  Photon Cannon  
  159  10:16  Protoss Ground Armor Level 2 (Chrono Boost)  
  159  10:17  Probe x2, Disruptor (Chrono Boost)  
  163  10:24  Disruptor (Chrono Boost)  
  163  10:25  High Templar x2  
  163  10:26  Probe, High Templar x2  
  163  10:27  Zealot  
  163  10:28  Zealot x3  
  183  10:31  Archon x2  
  183  10:34  Probe  
  184  10:40  Extended Thermal Lance, Assimilator, Colossus (Chrono Boost)  
  184  10:43  Dark Shrine, Assimilator  
  187  10:55  Pylon  
  190  11:02  Colossus (Chrono Boost)  
  190  11:05  Pylon  
  190  11:07  Stalker x2  
  200  11:16  Photon Cannon  
  200  11:17  Photon Cannon  
  200  11:19  Photon Cannon  
  200  11:21  Shield Battery  
  186  11:32  Stalker  
  186  11:33  Stalker x4  
  194  11:43  Pylon  
  194  11:53  High Templar  
  194  11:54  Nexus  
  196  11:55  Pylon  
  196  11:56  Dark Templar x2  
  192  12:21  Zealot  
  192  12:22  Zealot x2, Disruptor (Chrono Boost)  
  183  12:23  Zealot  
  170  12:33  Robotics Facility  
  170  12:38  Protoss Ground Armor Level 3 (Chrono Boost)  
  170  12:40  Protoss Ground Weapons Level 2 (Chrono Boost), Dark Templar x2  
  170  12:44  Gateway  
  174  12:45  Gateway  
  174  12:46  Shadow Stride  
  174  12:47  Gateway  
  174  12:48  Disruptor (Chrono Boost)  
  174  12:49  Stalker x2  
  174  12:50  Gateway  
  181  13:11  High Templar  
  177  13:12  Zealot  
  177  13:13  Stalker x2, Zealot  
  177  13:14  Stalker  
  177  13:16  Disruptor (Chrono Boost)  
  131  13:38  Zealot x5  
  129  13:44  Probe  
  129  13:45  Disruptor (Chrono Boost)  
  131  13:49  Colossus (Chrono Boost)  
  131  13:51  Probe x2  
  133  13:57  High Templar x2  
  133  13:59  High Templar x2  
  133  14:00  Stalker x4  
  133  14:01  Stalker  
  133  14:02  Stalker  
  153  14:05  Assimilator  
  153  14:09  Assimilator  
  149  14:10  Disruptor (Chrono Boost)  
  152  14:27  Pylon, Nexus  
  152  14:29  Disruptor (Chrono Boost)  
  155  14:33  Dark Templar x2  
  155  14:34  Dark Templar x8  
  170  15:02  Probe  
  170  15:07  Zealot x4  
  164  15:08  Zealot  
  164  15:09  Zealot, Dark Templar x2  
  164  15:10  Dark Templar x2  
  164  15:11  Disruptor (Chrono Boost)  
  171  15:14  Probe  
  171  15:20  Probe  
  164  15:24  Disruptor (Chrono Boost)  
  164  15:28  Probe  
  167  15:29  High Templar x2  
  167  15:31  Probe  
  167  15:34  Stalker x4  
  180  15:39  Probe (Chrono Boost), Pylon  
  180  15:40  Shield Battery  
  180  15:41  Probe (Chrono Boost)  
  185  15:47  Protoss Ground Weapons Level 3 (Chrono Boost)  
  185  15:48  Probe x3 (Chrono Boost), Protoss Shields Level 1 (Chrono Boost)  
  183  15:55  Stalker x2  
  183  15:56  Stalker, Zealot  
  169  16:09  Dark Templar x4  
  171  16:11  Dark Templar  
  171  16:13  Zealot  
  175  16:24  Nexus  
  175  16:25  Probe x3  
  176  16:33  Stalker x3  
  176  16:44  Zealot  
  176  16:45  Zealot x3  
  182  16:52  Zealot x2  
  156  17:01  Stalker x2  
  156  17:02  Stalker  
  156  17:03  Probe  
  156  17:06  Probe  
  156  17:08  Probe  
  163  17:19  Stalker x2  
  163  17:20  Zealot  
  159  17:23  Stalker x2  
  153  17:30  Probe  
  153  17:33  Stalker x3  
  158  17:45  Probe x3  
  161  18:03  High Templar x6  
  161  18:04  Nexus, High Templar x2  
  177  18:07  Archon x2  
  177  18:08  Archon x2  
  171  18:27  Pylon  
  169  18:37  Stalker  
  162  18:42  Gateway  
  162  18:45  Gateway  
  162  18:47  Gateway  
  159  18:50  Gateway  
  159  18:54  Gateway  
  148  19:13  Probe x2  
  142  19:24  Probe  
  143  19:32  Probe  
  144  19:38  Assimilator  
  144  19:41  Gateway  
  144  19:42  Assimilator  
  144  19:44  Gateway  
  144  19:45  Cybernetics Core  
  144  19:46  Immortal x2 (Chrono Boost), Zealot x4, Gateway  
  144  19:51  Gateway  
  141  20:12  Zealot x2  
  141  20:13  Zealot x3  
  122  20:14  Probe (Chrono Boost)  
  122  20:16  Probe (Chrono Boost)  
  126  20:21  Probe (Chrono Boost)  
Tags
 
Add a new tag
Caveats
  • Supply blocks, unpowered buildings, or Contaminate may cause inaccurate times.
  • Supply counts are checked every 10 seconds.